 Dungeon Crawl Stone Soup version 0.23.0 (webtiles) character file.

Game seed: 16895335525210316437

252 Esekla the Cutter (level 5, 0/38 HPs)
             Began as a Vampire Wanderer on Feb 13, 2019.
             Killed from afar by an orc wizard (5 damage)
             ... with a magic dart
             ... on level 3 of the Dungeon.
             The game lasted 00:50:48 (6578 turns).

Esekla the Cutter (Vampire Wanderer)                Turns: 6578, Time: 00:50:49

Health: 0/38       AC:  8    Str: 12    XL:     5   Next: 89%
Magic:  3/6        EV: 19    Int: 18    God:
Gold:   228        SH:  0    Dex: 15    Spells: 2/6 levels left

rFire    . . .     SeeInvis +   i - +0 short sword
rCold    + . .     Gourm    .   (no shield)
rNeg     + + .     Faith    .   p - +0 leather armour
rPois    +         Spirit   .   f - +0 hat
rElec    .         Reflect  .   (no cloak)
rCorr    +         Harm     .   (no gloves)
MR       .....                  (no boots)
Stlth    ++++......             (no amulet)
HPRegen  0.06/turn              g - +2 ring of evasion
MPRegen  0.10/turn              d - ring of resist corrosion

@: agile, icy armour, regenerating slowly, slowed, very slow
A: rotting body, fangs 3, see invisible, unbreathing
a: Bat Form


You were on level 3 of the Dungeon.
You were very thirsty.

You visited 1 branch of the dungeon, and saw 4 of its levels.

You collected 228 gold pieces.

Inventory:

Hand Weapons
 i - a +0 short sword (weapon)
Armour
 f - a +0 hat (worn)
 p - a +0 leather armour (worn)
Jewellery
 d - a ring of resist corrosion (right hand)
 g - a +2 ring of evasion (left hand)
 r - an uncursed ring of flight
Scrolls
 c - 2 scrolls of random uselessness {unknown}
 j - a scroll of fear {unknown}
 l - 2 scrolls of remove curse {unknown}
 q - a scroll of amnesia {unknown}
 s - 3 scrolls of identify
Potions
 a - 4 potions of flight
 b - 2 potions of haste
 e - 7 potions of blood
 h - 4 potions of brilliance
 k - a potion of cancellation


   Skills:
 + Level 2.0 Fighting
 * Level 4.1 Short Blades
   Level 1.5 Maces & Flails
 - Level 1.0 Throwing
 + Level 2.6 Armour
 + Level 1.5 Dodging
 - Level 1.5 Stealth
 + Level 1.2 Spellcasting
 * Level 1.4 Charms
 + Level 2.1 Ice Magic


You had 2 spell levels left.
You knew the following spells:

 Your Spells              Type           Power        Failure   Level  Hunger
a - Freeze                Ice            #...         11%         1    ##.....
b - Ozocubu's Armour      Chrm/Ice       #.......     34%         3    ####...

Your spell library contained the following spells:

 Spells                   Type           Power        Failure   Level  Hunger
 Throw Frost              Conj/Ice       #.....       24%         2    ###....
 Confusing Touch          Hex            #.....       26%         1    ##.....
 Confuse                  Hex            #.......     58%         3    ####...
 Gell's Gravitas          Tloc           #.........   58%         3    ####...
 Summon Ice Beast         Ice/Summ       #.......     85%         4    #####..
 Throw Icicle             Conj/Ice       #.......     85%         4    #####..
 Petrify                  Tmut/Erth      #.......     94%         4    #####..
 Metabolic Englaciation   Hex/Ice        #.........   99%         5    ######.
 Yara's Violent Unravell  Hex/Tmut       #.........   100%        5    ######.


Dungeon Overview and Level Annotations

Branches:
Dungeon (4/15)
 Temple: D:4-7

Altars:


Innate Abilities, Weirdness & Mutations

Your body is rotting away.
You thrive on raw meat.
You heal slowly.
You have razor-sharp teeth.
You have supernaturally acute eyesight. (SInv)
You can survive without breathing.


Message History

Your +0 hat unmelds from your body.
Your +0 leather armour unmelds from your body.
Your +2 ring of evasion unmelds from your body.
Your ring of resist corrosion unmelds from your body.
The orc wizard casts a spell.
The orc wizard blinks!
Casting: Freeze (safe; 11% risk of failure)
Confirm with . or Enter, or press ? or * to list all spells.
A film of ice covers your body!
The orc wizard hits you with a +0 dagger.
* * * LOW HITPOINT WARNING * * *
The orc wizard closely misses you.
You feel agile all of a sudden.
The orc wizard points at you and mumbles some strange words.
The magic dart hits you but does no damage.
You hit the orc wizard.
The orc wizard is severely wounded.
The orc wizard gestures at you while chanting.
The magic dart hits you.
You die...

#.# #.# #.# #.# #.# #.# #.#
##.########### #.# #.#
#.#..........# #.# #.#
##.######....# #.# #.# ###
#.%...# #.# #.# ####.....#
#.# #.#########.......># #.#
##.#.#.#.#.#.###@..########.#
#............# ##o..........#
##.#.#.#.#.### #..#######.†#
#..........># #..# ###..#
.#[#.#.#.#.######..# #....#
............##.##..# #.#.##
##.#.#.#.#.#....#..# #.#.#
#..................# #.#.#
##.#.#.#.#.#.......# #.#.#


You could see an orc wizard.

Vanquished Creatures
  Jessica (D:3)
  Terence (D:2)
  4 gnolls (D:3)
  6 adders
  3 oozes
  2 worms (D:3)
  3 dart slugs
  4 leopard geckos
  3 orcs
  A ball python (D:2)
  11 bats
  2 giant cockroaches
  8 goblins
  6 hobgoblins
  4 jackals (D:1)
  6 kobolds
  2 quokkas
  5 frilled lizards
  13 rats
85 creatures vanquished.

Notes
Turn   | Place    | Note
-------+----------+-------------------------------------------
     0 | D:1      | Esekla the Vampire Wanderer began the quest for the Orb.
     0 | D:1      | Esekla set off with the following items: a +0 hand
                  | crossbow, 26 bolts, a +0 ring mail, a potion of blood; and
                  | the following spell memorised: Freeze; and the following
                  | spells available to memorise: Throw Frost, Ozocubu's
                  | Armour, Summon Ice Beast, Throw Icicle
     0 | D:1      | Reached XP level 1. HP: 15/15 MP: 2/2
   181 | D:1      | Reached skill level 1 in Short Blades
   185 | D:1      | Reached XP level 2. HP: 11/21 MP: 3/3
   489 | D:2      | Reached XP level 3. HP: 17/26 MP: 2/4
   819 | D:2      | Reached skill level 2 in Short Blades
  1307 | D:2      | Reached skill level 1 in Dodging
  1561 | D:2      | Learned a level 3 spell: Ozocubu's Armour
  1829 | D:2      | Noticed Terence
  1899 | D:2      | Reached XP level 4. HP: 24/32 MP: 1/5
  2466 | D:3      | Noticed Jessica
  4153 | D:3      | Killed Jessica
  4153 | D:3      | Reached skill level 3 in Short Blades
  4178 | D:3      | Reached XP level 5. HP: 27/37 MP: 1/6
  4276 | D:3      | Reached skill level 1 in Charms
  5083 | D:2      | Killed Terence
  5770 | D:3      | Reached skill level 4 in Short Blades
  6396 | D:4      | Noticed a phantom
  6545 | D:4      | HP: 1/38 [orc wizard/magic dart (8)]
  6578 | D:3      | Killed from afar by an orc wizard

Skill      XL: |  1  2  3  4  5 |
---------------+----------------+-----
Short Blades   | 1 2 3 4 |  4.1
Armour         | 2 |  2.6
Dodging        | 1 |  1.5
Charms         | 1 |  1.4
Fighting       | 2 |  2.0
Maces & Flails | |  1.5
Throwing       | |  1.0
Stealth        | |  1.5
Spellcasting   | |  1.2
Ice Magic      | |  2.1

Action                   |  1- 3 |  4- 6 || total
-------------------------+-------+-------++-------
Melee: Short sword       |   171 |   305 ||   476
       Bite              |    15 |    22 ||    37
 Fire: Hand crossbow     |     7 |       ||     7
 Cast: Ozocubu's Armour  |     2 |    13 ||    15
       Freeze            |     2 |     2 ||     4
 Abil: End Transformatio |     1 |     5 ||     6
       Bat Form          |     1 |     5 ||     6
  Use: Scroll            |     7 |     1 ||     8
       Potion            |     1 |    11 ||    12
 Stab: Sleeping          |     1 |     4 ||     5
  Eat: Corpse            |     1 |     3 ||     4
Armor: Ring mail         |    57 |       ||    57
       Leather armour    |    10 |    78 ||    88
Dodge: Dodged            |   121 |   193 ||   314
